 Dungeon Crawl Stone Soup version 0.31-a0-232-gb1c03b2570 (webtiles) character file.

Game seed: 2367063676083971294

109 qw the Shooter (level 4, -2/27 HPs)
             Began as a Gargoyle Hexslinger on July 7, 2023.
             Killed from afar by an orc wizard (5 damage)
             ... with a magic dart
             ... on level 3 of the Dungeon.
             The game lasted 00:01:26 (1915 turns).

qw the Shooter (Gargoyle Hexslinger)                Turns: 1915, Time: 00:01:26

Health: -2/27      AC: 10    Str: 11    XL:     4   Next: 90%
Magic:  5/5        EV: 10    Int: 14    God:
Gold:   53         SH:  5    Dex: 14    Spells: 4/5 levels left

rFire   . . .        Y - +1 sling
rCold   . . .        (no shield)
rNeg    + . .        k - +0 ring mail
rPois   inf          n - +1 helmet
rElec   +            (no cloak)
rCorr   .            (no gloves)
SInv    .            (no boots)
Will    .....        i - amulet of reflection
Stlth   +            (no ring)
HPRegen 0.24/turn    (no ring)
MPRegen 0.09/turn

%: reflection
@: about to teleport
A: sickness immunity, AC +3, negative energy resistance 1, electricity
resistance, torment resistance 1, petrification resistance
a: no special abilities


You were on level 3 of the Dungeon.
You visited 1 branch of the dungeon, and saw 3 of its levels.

You collected 108 gold pieces.
You spent 55 gold pieces at shops.


Innate Abilities, Weirdness & Mutations

You are immune to sickness and miasma.
Your stone body is resilient. (AC +3)
You are immune to poison.
You resist negative energy. (rN+)
You are resistant to electric shocks. (rElec)
You are resistant to unholy torment.
You are immune to petrification.


   Skills:
 - Level 2.3 Fighting
 + Level 4.2 Ranged Weapons
 - Level 1.0 Armour
 - Level 1.5 Dodging
 - Level 1.0 Spellcasting
 - Level 2.6 Hexes


You had 4 spell levels left.
You knew the following spells:

 Your Spells              Type           Power      Damage    Failure   Level
a - Slow                  Hex            32%        N/A       21%         1

Your spell library contained the following spells:

 Spells                   Type           Power      Damage    Failure   Level
 Inner Flame              Hex/Fire       4%         N/A       71%         3
 Portal Projectile        Hex/Tloc       8%         N/A       71%         3
 Cause Fear               Hex            4%         N/A       90%         4

Inventory:

Hand Weapons
 Y - a +1 sling (weapon)
Armour
 k - a +0 ring mail (worn)
 n - a +1 helmet (worn)
Jewellery
 a - a ring of ice
 i - an amulet of reflection (around neck)
Scrolls
 c - 2 scrolls of revelation {unknown}
 f - a scroll of enchant weapon {unknown}
 g - 3 scrolls of teleportation
 m - a scroll of identify
Potions
 b - a potion of attraction {unknown}
 d - a potion of might {unknown}
 e - a potion of invisibility {unknown}
 h - a potion of lignification {unknown}
 j - a potion of haste {unknown}
 l - a potion of degeneration {unknown}

Dungeon Overview and Level Annotations

Branches:
Dungeon (3/15)

Altars:

Shops:
D:3 *


Message History

You shoot a sling bullet.
The sling bullet closely misses the orc.
A nearby plant withers and dies.
The orc barely misses you. Something hits you but does no damage.
The orc completely misses you.
You shoot a sling bullet. The sling bullet hits the orc.
The orc is severely wounded.
Something hits you but does no damage. The orc closely misses you.
You shoot a sling bullet. The sling bullet hits the orc.
You kill the orc!
You hear a splash.
Something hits you but does no damage. You block the orc's attack.
You hear some strange, mumbled words.
You are confused.
The orc barely misses you. Something hits you but does no damage.
The orc hits you with a +0 club. Something hits you but does no damage.
The orc barely misses you. Something completely misses you.
The orc hits you but does no damage. Something hits you but does no damage.
The orc hits you with a +0 club. Something hits you but does no damage.
The orc closely misses you. Something hits you but does no damage.
You feel less confused. The orc hits you but does no damage.
Something hits you.
You shoot a sling bullet. The sling bullet barely misses the orc.
The orc hits you with a +0 club.
You hear some strange, mumbled words.
A puff of flame appears from out of thin air!
The puff of flame hits you. The orc hits you but does no damage.
1913 ||| READING 4 scrolls of teleportation.
As you read the scroll of teleportation, it crumbles to dust.
You feel strangely unstable. Something hits you but does no damage.
The orc closely misses you.
You shoot a sling bullet. The sling bullet hits the orc.
The orc is severely wounded.
Something hits you. The orc barely misses you.
You shoot a sling bullet. The sling bullet hits the orc.
You kill the orc!
Something hits you but does no damage.
You hear some strange, mumbled words.
A magic dart appears from out of thin air!
The magic dart hits you.
You die...

##### ....##
.....#############
.................#
.##..######.####.#
.##..........###.#
.##...#####.###{@#
...)........#7~))7
.##...#####..77~77
####.######..7~~
..........77.77.
.###.####77777~~
)###.# ~~ ..##.#
~~~ #....#


There were no monsters in sight!

Vanquished Creatures
  2 adders (D:2)
  A gnoll (D:1)
  2 worms (D:2)
  4 dart slugs
  5 orcs (D:3)
  5 bats
  3 endoplasms
  5 giant cockroaches
  10 goblins
  4 hobgoblins
  10 kobolds
  2 quokkas (D:1)
  3 ball pythons
  2 frilled lizards
  4 rats
62 creatures vanquished.

Notes
Turn   | Place    | Note
-------+----------+-------------------------------------------
     0 | D:1      | qw the Gargoyle Hexslinger began the quest for the Orb.
     0 | D:1      | Reached XP level 1. HP: 12/12 MP: 2/2
     0 | D:1      | 0 ||| qw: Version: 0.3-a-46-gb1f654a
     0 | D:1      | 0 ||| qw: Game counter: 2854
     0 | D:1      | 0 ||| qw: Melee chars always use a shield: true
     0 | D:1      | 0 ||| qw: God list: Okawaru
     0 | D:1      | 0 ||| qw: Allow faded altars: false
     0 | D:1      | 0 ||| qw: Do Orc after clearing Dungeon:15 true
     0 | D:1      | 0 ||| qw: Do second Lair branch before Depths: true
     0 | D:1      | 0 ||| qw: Lair rune preference: random
     0 | D:1      | 0 ||| qw: Goals: Normal
     0 | D:1      | 0 ||| PLANNING D:1-11
   100 | D:1      | Reached XP level 2. HP: 16/16 MP: 3/3
   129 | D:1      | Reached skill level 3 in Ranged Weapons
   338 | D:1      | Reached XP level 3. HP: 14/22 MP: 4/4
   697 | D:1      | 697 ||| UPGRADING to +0 ring mail.
   707 | D:1      | 707 ||| DROPPING +0 robe.
   708 | D:1      | 708 ||| UPGRADING to +0 helmet.
   713 | D:1      | 713 ||| UPGRADING to amulet of reflection.
   718 | D:1      | 718 ||| READING scroll labelled VON USKEWADID.
   719 | D:1      | 719 ||| READING 2 scrolls labelled FECOUB GUIMEAS.
   722 | D:1      | 722 ||| READING scroll labelled CULIASAQIRPH.
   723 | D:1      | 723 ||| READING scroll labelled KOMEUD QOP ON ZID.
   724 | D:1      | 724 ||| READING scroll labelled ABEUKLIUSED.
   725 | D:1      | 725 ||| DROPPING scroll of poison.
   789 | D:2      | 789 ||| STAIRDANCE
   824 | D:2      | Reached skill level 1 in Armour
   839 | D:2      | Reached XP level 4. HP: 23/27 MP: 5/5
  1254 | D:2      | 1254 ||| READING scroll of enchant armour.
  1254 | D:2      | 1254 ||| ENCHANTING +0 helmet.
  1301 | D:2      | Reached skill level 4 in Ranged Weapons
  1660 | D:2      | 1660 ||| READING 3 scrolls labelled PEPEOG USEDIST.
  1661 | D:2      | 1661 ||| READING scroll labelled XAT KEL ROGUSY.
  1662 | D:2      | 1662 ||| DROPPING 2 scrolls of amnesia.
  1812 | D:3      | Found Ezak's Assorted Antiques.
  1827 | D:3      | 1827 ||| SHOPLISTING long fluorescent wand (116 gold, have
                  | 108).
  1827 | D:3      | 1827 ||| SHOPLISTING pair of embroidered gloves (217 gold,
                  | have 108).
  1827 | D:3      | 1827 ||| SHOPLISTING runed lead wand (116 gold, have 108).
  1827 | D:3      | 1827 ||| BUYING scroll labelled MAUPUE NAFA (29 gold).
  1827 | D:3      | Bought a scroll labelled MAUPUE NAFA for 29 gold pieces
  1827 | D:3      | 1827 ||| SHOPLISTING scroll of teleportation (87 gold, have
                  | 79).
  1827 | D:3      | 1827 ||| BUYING smoky grey potion (26 gold).
  1827 | D:3      | Bought a smoky grey potion for 26 gold pieces
  1885 | D:3      | 1885 ||| PLANNING D:1-11
  1912 | D:3      | HP: 3/27 [something/puff of flame (6)]
  1913 | D:3      | 1913 ||| READING 4 scrolls of teleportation.
  1915 | D:3      | Killed from afar by an orc wizard

Levels and vault maps discovered:
D:1:      minmay_arrival_four_houses, layout_rooms, minivault_19,
          kennysheep_small_spiral, hangedman_abyss_or_decor_stabs, st_stairs_14
D:2:      layout_basic
D:3:      layout_loops_ring, serial_shops, nicolae_shop_tiny_glass,
          serial_bayou_crossing, uniq_robin, uniq_crazy_yiuf_cottage

Skill      XL: |  1  2  3  4 |
---------------+-------------+-----
Ranged Weapons | 3 4 |  4.2
Fighting       | 2 |  2.3
Armour         | 1 |  1.0
Dodging        | |  1.5
Spellcasting   | |  1.0
Hexes          | |  2.6

Action                     |  1- 3 |  4- 6 || total
---------------------------+-------+-------++-------
   Fire: Sling             |   133 |    88 ||   221
    Use: Scroll            |     5 |     4 ||     9
 Armour: Robe              |    12 |       ||    12
         Ring mail         |    13 |    34 ||    47
  Dodge: Dodged            |    43 |    26 ||    69
  Block: Other             |     8 |     7 ||    15

Table legend:
 A = Non-vault XP
 B = Vault XP
 C = Vault XP percentage of total XP
 D = Non-vault monster count
 E = Vault monster count
 F = Vault count percentage of total count
                 A         B        C        D         E       F
            +---------+---------+-------+---------+---------+-------
      Total |     158 |       2 |   1.2 |      61 |       1 |   1.6
            +---------+---------+-------+---------+---------+-------
        D:1 |      60 |       2 |   3.2 |      25 |       1 |   3.8
        D:2 |      74 |       0 |   0.0 |      25 |       0 |   0.0
        D:3 |      24 |       0 |   0.0 |      11 |       0 |   0.0
            +---------+---------+-------+---------+---------+-------
